 Dungeon Crawl Stone Soup version 0.32-a0-861-g165e151e72 (webtiles) character file.

Game seed: 8692129310866414798

7 Essalna the Firebug (level 1, -1/13 HPs)
             Began as a Demonspawn Fire Elementalist on Mar 28, 2024.
             Slain by a jackal (2 damage)
             ... on level 1 of the Dungeon.
             The game lasted 00:00:41 (283 turns).

Essalna the Firebug (Demonspawn Fire Elementalist)   Turns: 283, Time: 00:00:41

Health: -1/13      AC:  2    Str:  8    XL:     1   Next: 83%
Magic:  1/3        EV: 11    Int: 15    God:
Gold:   14         SH:  0    Dex: 13    Spells: 3/4 levels left

rFire   . . .        (no weapon)
rCold   . . .        (no shield)
rNeg    . . .        a - +0 robe
rPois   .            (no helmet)
rElec   .            (no cloak)
rCorr   .            (no gloves)
SInv    .            (no boots)
Will    .....        (no amulet)
Stlth   ++           (no ring)
HPRegen 0.22/turn    (no ring)
MPRegen 0.08/turn

%: no passive effects
@: no status effects
A: no striking features
a: no special abilities


You were on level 1 of the Dungeon.
You visited 1 branch of the dungeon, and saw 1 of its levels.

You collected 14 gold pieces.

Inventory:

Armour
 a - a +0 robe (worn)
Scrolls
 d - 3 scrolls of identify
Potions
 b - a potion of magic
 c - a potion of degeneration
 e - a potion of curing


   Skills:
 - Level 1.7 Dodging
 - Level 1.7 Stealth
 - Level 2.0 Spellcasting
 + Level 1.5 Conjurations
 + Level 2.9 Fire Magic


You had 3 spell levels left.
You knew the following spells:

 Your Spells              Type           Power      Damage    Failure   Level
a - Foxfire               Conj/Fire      32%        2x1d5     9%          1

Your spell library contained the following spells:

 Spells                   Type           Power      Damage    Failure   Level
 Scorch                   Fire           20%        2d5       10%         2
 Inner Flame              Hex/Fire       5%         N/A       36%         3
 Volatile Blastmotes      Fire/Tloc      10%        2d10      36%         3
 Flame Wave               Conj/Fire      8%         2d5       65%         4


Dungeon Overview and Level Annotations

Branches:
Dungeon (1/15)

Altars:


Message History

The jackal is heavily wounded.
The jackal closely misses you. The jackal barely misses you. x2
The jackal bites you.
You hit the jackal.
The jackal is almost dead.
The jackal barely misses you. The jackal closely misses you.
You hit the jackal.
You kill the jackal!
The jackal barely misses you.
You miss the jackal. The jackal barely misses you. The jackal bites you.
* * * LOW HITPOINT WARNING * * *
The jackal barely misses you.
You hit the jackal.
The jackal is moderately wounded.
The jackal barely misses you. The jackal closely misses you.
You barely miss the jackal.
The jackal is moderately wounded.
The jackal bites you but does no damage.
The jackal barely misses you.
The jackal bites you but does no damage.
You hit the jackal but do no damage.
The jackal is moderately wounded.
The jackal barely misses you. x2; The jackal misses you.
You hit the jackal but do no damage.
The jackal is moderately wounded.
The jackal closely misses you.
The jackal bites you but does no damage. x2
You barely miss the jackal.
The jackal is moderately wounded.
The jackal bites you.
* * * LOW HITPOINT WARNING * * *
The jackal closely misses you. The jackal barely misses you.
You hit the jackal but do no damage. You punch the jackal, but do no damage.
The jackal is moderately wounded.
The jackal closely misses you. The jackal bites you.
* * * LOW HITPOINT WARNING * * *
You hit the jackal but do no damage.
The jackal is moderately wounded.
The jackal bites you.
You die...

..###....###......##
#.#.#.#.#.#
..#.....###...###..#
#..##.### #
.......## ###.# #..#
##.#..# .....))###
#.# #.## #...##
.#.......####.# #.#
#.###
...##..#....#.# #.#
###.#
#.####...##...# #.#
#..v# #.#
########.###.# #.###
... #.##@h###.# .#.#
####.##h###).# . ..
............###.. #
.##
####.##.#..........
.# #.#....#####....
.. #....### ..
#..#.# #..†.#
.......#....#


You could see 2 jackals.

Vanquished Creatures
  A bat (D:1)
  An endoplasm (D:1)
  A giant cockroach (D:1)
  A jackal (D:1)
  A ball python (D:1)
  A kobold (D:1)
6 creatures vanquished.

Vanquished Creatures (others)
  20 foxfires (D:1)
20 creatures vanquished.

Grand Total: 26 creatures vanquished

Notes
Turn   | Place    | Note
-------+----------+-------------------------------------------
     0 | D:1      | Essalna the Demonspawn Fire Elementalist began the quest
                  | for the Orb.
     0 | D:1      | Reached XP level 1. HP: 13/13 MP: 3/3
   283 | D:1      | Slain by a jackal

Illustrated notes

Levels and vault maps discovered:
D:1:      dpeg_arrival_round_b, layout_rooms, minmay_door_square, st_stairs_8

Action                     || total
---------------------------++-------
  Melee: Unarmed           ||    36
         Punch             ||     1
   Cast: Foxfire           ||    14
    Use: Scroll            ||     2
 Armour: Robe              ||    27
  Dodge: Dodged            ||    47

Table legend: (Time is in decaauts)
 A = Elapsed time spent in this place.
 B = Non-inter-level travel time spent in this place.
 C = Inter-level travel time spent in this place.
 D = Time resting spent in this place.
 E = Time spent auto-exploring this place.
 F = Levels seen in this place.
 G = Mean time per level.
                   A        B        C        D        E       F      G
               +--------+--------+--------+--------+--------+-----+--------+
         Total |    283 |    283 |      0 |      0 |    202 |   1 |  283.0 |
       Dungeon |    283 |    283 |      0 |      0 |    202 |   1 |  283.0 |
               +--------+--------+--------+--------+--------+-----+--------+

Top non-repeatable levels by time:
     D:1: 283 daAuts
